 Dungeon Crawl Stone Soup version 0.14.0-17-gc0b17a5 (webtiles) character file.

372 MDvedh the Cudgeler (level 5, -2/32 HPs)
             Began as a Gargoyle Fighter on Apr 18, 2014.
             Was a Follower of Kikubaaqudgha.
             Slain by an ogre
             ... wielding a +0,+0 giant spiked club
              (21 damage)
             ... on Level 4 of the Dungeon.
             The game lasted 00:04:41 (2580 turns).

MDvedh the Cudgeler (Gargoyle Fighter)              Turns: 2580, Time: 00:04:41

HP  -2/32        AC 12     Str 20      XL: 5   Next: 91%
MP   0/5         EV 10     Int  9      God: Kikubaaqudgha [*.....]
Gold 158         SH 18     Dex  9      Spells:  0 memorised,  4 levels left

rFire  . . .     SeeInvis .     a - +0 flail
rCold  + . .     Clarity  .     b - +0 scale mail
rNeg   + . .     Conserve .     c - +0 shield
rPois  +         rCorr    .     (no helmet)
rElec  +         rRot     +     A - +0 cloak of Starlight {rElec rC+ EV+4 Stlth-}
SustAb . .       Spirit   +     (no gloves)
rMut   .         Warding  .     (no boots)
Saprov . . .     Stasis   .     n - amulet of guardian spirit
MR     .....                    (no ring)
                                g - ring of poison resistance

@: not resistant to hostile enchantments, extremely unstealthy
A: life protection 1, electricity resistance, unbreathing, petrification
resistance, AC +4
a: Receive Corpses, Renounce Religion


You were on level 4 of the Dungeon.
You worshipped Kikubaaqudgha.
Kikubaaqudgha was aware of your devotion.
You were hungry.

You visited 1 branch of the dungeon, and saw 4 of its levels.

You collected 158 gold pieces.

Inventory:

Hand weapons
 a - a +0,+0 flail (weapon)
Armour
 b - a +0 scale mail (worn)
 c - a +0 shield (worn)
 A - the +0 cloak of Starlight (worn) {rElec rC+ EV+4 Stlth-}
   (You found it on level 4 of the Dungeon)

   It affects your evasion (+4).
   It protects you from cold.
   It insulates you from electricity.
   It makes you much less stealthy.
Magical devices
 B - a wand of fire (9) {unknown}
Comestibles
 d - 3 bread rations
 o - a choko
 r - a meat ration
 t - a sausage
Scrolls
 h - 2 scrolls of enchant armour {unknown}
 i - 4 scrolls of identify {unknown}
 k - a scroll of remove curse {unknown}
 m - 2 scrolls of immolation {unknown}
 q - 2 scrolls of random uselessness {unknown}
 u - a scroll of fog {unknown}
 y - 2 scrolls of noise {unknown}
Jewellery
 g - a ring of poison resistance (left hand)
 n - an amulet of guardian spirit (around neck)
 z - a cursed ring of protection from fire {unknown}
 C - an uncursed amulet of inaccuracy {unknown}
Potions
 e - 2 potions of might
 f - a potion of haste {unknown}
 j - 2 potions of mutation {unknown}
 l - a potion of brilliance {unknown}
 p - a potion of heal wounds {unknown}
 s - a potion of poison {unknown}
 v - a potion of agility {unknown}
 w - 3 potions of curing {unknown}
Books
 x - Kikubaaqudgha's Guide on Darkness
   (Kikubaaqudgha gifted it to you on level 3 of the Dungeon)

   Spells                             Type                      Level
   Pain                               Necromancy                   1
   Lethal Infusion                    Charms/Necromancy            2
   Sublimation of Blood               Necromancy                   2
   Vampiric Draining                  Necromancy                   3
   Control Undead                     Necromancy                   4


   Skills:
 - Level 3.2 Fighting
 + Level 6.5 Maces & Flails
 - Level 3.2 Armour
 - Level 3.2 Shields


You had 4 spell levels left.
You didn't know any spells.

Dungeon Overview and Level Annotations

Branches:
Dungeon (4/15)
 Temple: D:4-7

Altars:
Fedhas
Kikubaaqudgha


Innate Abilities, Weirdness & Mutations

You are resistant to torment.
You are immune to poison.
You are immune to rotting.
Your stone body is very resilient (AC +4).
You resist negative energy.
You are resistant to electric shocks.
You can survive without breathing.
You are immune to petrification.


Message History

C - a thin peridot amulet
Found a stone staircase leading down.
There is a stone staircase leading down here.
i - 4 scrolls labeled CRYM DIJOROL (gained 1)
You are feeling hungry.
No target in view!
No target in view!
A kobold and an ogre come into view.
The kobold shouts!
The ogre shouts!
There are monsters nearby!
There are monsters nearby!
There are monsters nearby!
Unknown command.
You barely miss the ogre.
The ogre hits you with a giant spiked club!
Your shield prevents you from hitting the ogre.
The ogre hits you with a giant spiked club!
Ouch! That really hurt!
You die...
Kikubaaqudgha rasps: "You have failed me!
Welcome... oblivion!"

.. .# #.####
.....## .......
......# ##.....#
##########...#.####
#....@O.K...$......
#.########..?#.####
#.# ##.## # #.# ##
#.##### #.....#
###...####
#.......+ ##...####


You could see an ogre and a kobold.

Vanquished Creatures
  A hound (D:4)
  A worker ant (D:4)
  3 gnolls
  4 adders
  2 worms
  An iguana zombie (D:4)
  An ooze (D:2)
  An orc (D:3)
  4 giant cockroaches
  8 goblins
  15 hobgoblins
  3 jackals (D:2)
  4 kobolds
  2 quokkas
  A ball python (D:3)
  11 bats
  2 giant geckos
  3 giant newts
  5 rats
72 creatures vanquished.

Notes
Turn   | Place    | Note
--------------------------------------------------------------
     0 | D:1      | MDvedh, the Gargoyle Fighter, began the quest for the Orb.
     0 | D:1      | Reached XP level 1. HP: 14/14 MP: 1/1
     6 | D:1      | Noticed a crocodile
     6 | D:1      | Noticed a wyvern
     6 | D:1      | Noticed a worker ant
   178 | D:1      | Reached XP level 2. HP: 14/19 MP: 2/2
   751 | D:1      | Reached XP level 3. HP: 23/23 MP: 3/3
  1079 | D:2      | Reached skill level 4 in Maces & Flails
  1203 | D:2      | Found an ancient bone altar of Kikubaaqudgha.
  1223 | D:2      | Became a worshipper of Kikubaaqudgha
  1351 | D:1      | Reached XP level 4. HP: 28/28 MP: 4/4
  1359 | D:2      | Reached skill level 5 in Maces & Flails
  1518 | D:2      | Found a blossoming altar of Fedhas.
  2040 | D:3      | Acquired Kikubaaqudgha's first power
  2040 | D:3      | Received a gift from Kikubaaqudgha
  2040 | D:3      | Reached XP level 5. HP: 32/32 MP: 5/5
  2041 | D:3      | Identified Kikubaaqudgha's Guide on Darkness (Kikubaaqudgha gifted it to you on level 3 of the Dungeon)
  2426 | D:4      | Reached skill level 6 in Maces & Flails
  2530 | D:4      | Found a blossoming altar of Fedhas.
  2571 | D:4      | Noticed an ogre
  2580 | D:4      | Slain by an ogre

Action                   |  1- 3 |  4- 6 || total
-------------------------+-------+-------++-------
Melee: Flail             |   187 |   134 ||   321
